 Dungeon Crawl Stone Soup version 0.28-a0-980-g3664467d6e (webtiles) character file.

Game seed: 14315408561228383925

835 MiK0 the Cleaver (level 7, -12/57 HPs)
             Began as a Minotaur Berserker on Dec 1, 2021.
             Was a Priest of Trog.
             Mangled by an ogre (36 damage)
             ... on level 5 of the Dungeon on Dec 2, 2021.
             The game lasted 00:22:56 (6149 turns).

MiK0 the Cleaver (Minotaur Berserker)               Turns: 6149, Time: 00:22:56

Health: -12/57     AC:  0    Str: 23    XL:     7   Next: 66%
Magic:  6/6        EV: 10    Int:  4    God:    Trog [***...]
Gold:   365        SH:  5    Dex: 10    Spells: 6/6 levels left

rFire   . . .      SeeInvis .   s - +2 hand axe (vamp) {!w}
rCold   . . .      Faith    .   (no shield)
rNeg    . . .      Spirit   .   e - +0 scale mail
rPois   +          Reflect  +   (helmet restricted)
rElec   .          Harm     .   (no cloak)
rCorr   .          Rampage  .   (no gloves)
Will    .....                   f - +0 pair of boots
Stlth   ..........              g - amulet of reflection
HPRegen 0.19/turn               n - ring of poison resistance
MPRegen 0.10/turn               (no ring)

@: marked, corroded
A: horns 2, retaliatory headbutt
a: Renounce Religion, Berserk, Trog's Hand


You were on level 5 of the Dungeon.
You worshipped Trog.
Trog was most pleased with you.
You visited 1 branch of the dungeon, and saw 5 of its levels.
You also visited: Ossuary.

You collected 365 gold pieces.

Inventory:

Hand Weapons
 k - a +1 mace of draining
   (You found it on level 1 of the Dungeon)
 s - a +2 vampiric hand axe (weapon) {!w}
   (You took it off an orc on level 4 of the Dungeon)
Armour
 b - a +0 animal skin
 e - a +0 scale mail (worn)
   (You found it on level 1 of the Dungeon)
 f - a +0 pair of boots (worn)
   (You found it on level 1 of the Dungeon)
 m - a +0 cloak
   (You took it off Crazy Yiuf on level 2 of the Dungeon)
Jewellery
 g - an amulet of reflection (around neck)
   (You found it on level 2 of the Dungeon)
 n - a ring of poison resistance (left hand)
   (You found it on level 3 of the Dungeon)
Wands
 d - a wand of iceblast (7)
   (You found it on level 2 of the Dungeon)
 p - a wand of charming (10)
   (You found it on level 3 of the Dungeon)
 t - a wand of flame (33)
   (You took it off a hobgoblin on level 3 of the Dungeon)
Scrolls
 a - a scroll of enchant armour {unknown}
 c - a scroll of magic mapping {unknown}
 i - 8 scrolls of identify {unknown}
 o - 3 scrolls of amnesia {unknown}
 q - 3 scrolls of teleportation {unknown}
 r - a scroll of fog {unknown}
 x - a scroll of brand weapon {unknown}
 y - a scroll of noise {unknown}
Potions
 h - 3 potions of curing {unknown}
 j - a potion of flight {unknown}
 l - a potion of haste {@q3}
 u - a potion of resistance {unknown}
 v - 2 potions of lignification {unknown}
 w - a potion of cancellation {unknown}
 z - a potion of berserk rage {unknown}


   Skills:
 - Level 3.6 Fighting
 * Level 11.0 Axes
 - Level 2.4 Armour
 - Level 2.1 Dodging


You had 6 spell levels left.
You didn't know any spells.
Your spell library was empty.

Dungeon Overview and Level Annotations

Branches:
Dungeon (5/15)            Ossuary (visited)
 Temple: D:4-7

Altars:
Makhleb
Uskayaw
Vehumet

Annotations:
D:5 1 transporter, Edmund


Innate Abilities, Weirdness & Mutations

You have a pair of horns on your head.
You reflexively headbutt those who attack you in melee.


Message History

You see here a +0 quarterstaff.
Found a wand of flame (21).
The shadow imp shouts, "Surrender, thou tottering boil-brained calf-wit!"
The kobold demonologist shouts!
You hear a shout!
A sudden malevolence fills the Dungeon...
With a horrendous wail, an alarm goes off!
A sentinel's mark forms upon you.
The orc priest shouts!
Something shouts, "Get thee hence, thou weedy beetle-headed toady!"
You hear an angry hiss.
You hear a shout! x6; You hear an angry hiss.
You hear a shout!
An iguana comes into view.
Found a scroll labelled ZAINIQAQAE.
The shadow imp shouts, "Fly, thou gorbellied beetle-headed cattle!"
There is a transporter here.
A hornet zombie comes into view.
Nothing quivered!
There are monsters nearby!
There are monsters nearby!
A jelly comes into view.
Edmund the Younger comes into view.
He is wielding a +4 flail of venom.
The iguana bites you!
You slash the iguana!
You feel better.
Your headbutt misses the iguana. The iguana bites you!
A quokka comes into view.
You slash the iguana!
You feel better.
You kill the iguana!
Trog accepts your kill.
You closely miss the hornet zombie. The hornet zombie hits you.
You hit the hornet zombie but do no damage.
The hornet zombie closely misses you.
You hit the hornet zombie. Your headbutt misses the hornet zombie.
You block the hornet zombie's attack.
You hit the hornet zombie. You headbutt the hornet zombie. You hit the jelly.
You feel better. The acid corrodes you!
Your hands burn!
Your headbutt misses the jelly. You hit the jelly but do no damage.
The acid corrodes you!
Your hands burn!
The jelly barely misses you.
A hound comes into view.
You slash the jelly!
You feel better.
Your hands burn!
You headbutt the jelly.
You kill the jelly!
Trog accepts your kill.
Your Axes skill increases to level 11!
A wyvern skeleton comes into view.
An adder comes into view. 2 orcs and an ogre come into view.
The ogre hits you with a +0 giant spiked club!
* * * LOW HITPOINT WARNING * * *
The ogre hits you with a +0 giant spiked club!!!
Ouch! That really hurt!
You die...

#o#P../..P#h#
#.#8P.©.P8#.#
####o#########†#
#####.....o..©.....#
#........###...r#### ##
#...####..###...!######..#
#..........###..@.........
...###.###.# #............
#..#.#.#.#.###.O@.$.......
#..#.#)#.#.##..[).........
##.#.....#.#......########
#..#.....#......###
#..#######......#
#...............#
#....#..........#
#..####......#...# ..##
##.....##...#


You could see Edmund, an ogre, an orc and a quokka.

Vanquished Creatures
  Blork the orc (D:4)
  4 orc priests
  2 jellies
  Crazy Yiuf (D:2)
  A hound (D:4)
  A gnoll shaman (D:2)
  An orc wizard (D:3)
  Natasha (thrice) (D:2)
  3 iguanas
  8 mummies (Ossuary)
  7 gnolls
  5 adders
  An adder skeleton (D:5)
  A worm (D:2)
  3 dart slugs
  14 orcs
  5 endoplasms
  3 giant cockroaches
  A gnoll zombie (Ossuary)
  3 hobgoblins
  2 jackals (D:1)
  4 quokkas
  12 ball pythons
  5 bats
  5 frilled lizards
  10 goblins
  A goblin zombie (D:5)
  A hobgoblin zombie (Ossuary)
  8 kobolds
  4 kobold zombies (Ossuary)
  2 orc zombies (Ossuary)
  3 rats
  A rat zombie (D:5)
126 creatures vanquished.

Vanquished Creatures (others)
  12 plants (D:2)
12 creatures vanquished.

Grand Total: 138 creatures vanquished

Notes
Turn   | Place    | Note
-------+----------+-------------------------------------------
     0 | D:1      | MiK0 the Minotaur Berserker began the quest for the Orb.
     0 | D:1      | Reached XP level 1. HP: 19/19 MP: 0/0
   176 | D:1      | Reached skill level 4 in Axes
   432 | D:1      | Reached XP level 2. HP: 19/26 MP: 1/1
  1103 | D:2      | Reached skill level 5 in Axes
  1103 | D:2      | Reached XP level 3. HP: 25/31 MP: 2/2
  1218 | D:2      | Noticed Natasha
  1222 | D:2      | Killed Natasha
  1458 | D:2      | Noticed Natasha
  1531 | D:2      | Reached ** piety under Trog
  1532 | D:2      | Reached XP level 4. HP: 39/39 MP: 3/3
  1536 | D:2      | Reached skill level 6 in Axes
  1597 | D:2      | Killed Natasha
  1611 | D:2      | Noticed Natasha
  1620 | D:2      | Killed Natasha
  2028 | D:2      | Found a runed translucent door.
  2029 | D:2      | Noticed Crazy Yiuf
  2381 | D:2      | Killed Crazy Yiuf
  2382 | D:2      | Reached skill level 7 in Axes
  2382 | D:2      | Reached XP level 5. HP: 22/45 MP: 4/4
  3134 | D:3      | Found a hide-covered altar of Uskayaw.
  3150 | D:2      | Reached skill level 8 in Axes
  3391 | D:3      | Reached XP level 6. HP: 51/51 MP: 5/5
  3544 | D:3      | Found a radiant altar of Vehumet.
  3680 | D:3      | Found a burning altar of Makhleb.
  3925 | D:4      | Reached *** piety under Trog
  3985 | D:4      | Noticed Blork the orc
  4002 | D:4      | Killed Blork the orc
  4003 | D:4      | Reached skill level 9 in Axes
  4869 | D:4      | Reached XP level 7. HP: 57/57 MP: 6/6
  5121 | D:4      | Upgraded the game from 0.28-a0-969-g2dcde036d2 to
                  | 0.28-a0-980-g3664467d6e
  5136 | D:5      | Entered Level 5 of the Dungeon
  5184 | D:5      | Found a transporter.
  5220 | D:4      | Reached skill level 10 in Axes
  5764 | D:5      | Found a sand-covered staircase.
  5779 | Ossuary  | Entered an ossuary
  6125 | D:5      | Noticed a kobold demonologist
  6133 | D:5      | Noticed Edmund
  6144 | D:5      | Reached skill level 11 in Axes
  6149 | D:5      | Mangled by an ogre

Illustrated notes

Levels and vault maps discovered:
D:1:      dpeg_arrival_pits, layout_loops_cross
D:2:      layout_loops_cross, chequers_big_river, minmay_bisected, uniq_natasha,
          uniq_crazy_yiuf_cottage
D:3:      layout_rooms, vehumet_altar_wand_db, nicolae_uskayaw_dance_hall,
          lightli_temple_of_fire, corexii_corridor_pit
D:4:      layout_gridville, uniq_blork_the_orc
D:5:      gammafunk_wand_slinger, layout_layer_cave, enter_ossuary_4,
          uniq_edmund

Skill      XL: |  1  2  3  4  5  6  7 |
---------------+----------------------+-----
Axes           | 4 5 7 8 9 11 | 11.0
Fighting       | |  3.6
Armour         | |  2.4
Dodging        | |  2.1

Action                   |  1- 3 |  4- 6 |  7- 9 || total
-------------------------+-------+-------+-------++-------
Melee: Hand axe          |    62 |   175 |    90 ||   327
       Headbutt          |     8 |    31 |    17 ||    56
Invok: Berserk           |       |       |     1 ||     1
Armor: Animal skin       |     2 |       |       ||     2
       Scale mail        |    16 |    54 |    19 ||    89
Dodge: Dodged            |    46 |    78 |    35 ||   159
Block: Other             |     3 |    29 |    11 ||    43
       Reflection        |     1 |       |     1 ||     2

Table legend: (Time is in decaauts)
 A = Elapsed time spent in this place.
 B = Non-inter-level travel time spent in this place.
 C = Inter-level travel time spent in this place.
 D = Time resting spent in this place.
 E = Time spent auto-exploring this place.
 F = Levels seen in this place.
 G = Mean time per level.
                   A        B        C        D        E       F      G
               +--------+--------+--------+--------+--------+-----+--------+
         Total |   6149 |   5833 |    316 |   2099 |   2695 |   6 | 1024.8 |
       Dungeon |   5822 |   5506 |    316 |   1989 |   2625 |   5 | 1164.4 |
       Ossuary |    326 |    326 |      0 |    110 |     70 |   1 |  326.0 |
               +--------+--------+--------+--------+--------+-----+--------+

Top non-repeatable levels by time:
     D:2: 2150 daAuts
     D:4: 1797 daAuts
     D:1: 1038 daAuts
     D:3: 724 daAuts
 Ossuary: 326 daAuts
     D:5: 112 daAuts
